 Dungeon Crawl Stone Soup version 0.27-a0-594-g2aaa8dbbc2 (webtiles) character file.

Game seed: 4073720549756125135

62 Gaff the Stinger (level 3, -1/25 HPs)
             Began as a Demonspawn Venom Mage on Mar 11, 2021.
             Slain by a hobgoblin (5 damage)
             ... led by Robin
             ... on level 2 of the Dungeon.
             The game lasted 00:06:17 (1754 turns).

Gaff the Stinger (Demonspawn Venom Mage)            Turns: 1754, Time: 00:06:18

Health: -1/25      AC:  2    Str:  8    XL:     3   Next: 85%
Magic:  0/7        EV: 12    Int: 17    God:
Gold:   69         SH:  0    Dex: 13    Spells: 6/7 levels left

rFire    . . .     SeeInvis .   h - +0 short sword
rCold    . . .     Faith    .   (no shield)
rNeg     . . .     Spirit   .   a - +0 robe
rPois    .         Reflect  .   (no helmet)
rElec    .         Harm     .   (no cloak)
rCorr    .         Rampage  .   (no gloves)
Will     .....                  (no boots)
Stlth    ++........             (no amulet)
HPRegen  0.08/turn              (no ring)
MPRegen  0.10/turn              (no ring)

@: very slightly contaminated
A: powered by death 1
a: no special abilities


You were on level 2 of the Dungeon.
You visited 1 branch of the dungeon, and saw 2 of its levels.

You collected 69 gold pieces.

Inventory:

Hand Weapons
 c - a +0 dagger
 h - a +0 short sword (weapon)
Armour
 a - a +0 robe (worn)
 f - a +0 leather armour
Scrolls
 d - 3 scrolls of identify
Potions
 b - a potion of invisibility


   Skills:
 + Level 0.3 Fighting
 * Level 2.4 Dodging
 - Level 1.7 Stealth
 + Level 2.6 Spellcasting
 - Level 0.9 Transmutations
 + Level 3.8 Poison Magic


You had 6 spell levels left.
You knew the following spells:

 Your Spells              Type           Power      Damage    Failure   Level
a - Sting                 Tmut/Pois      40%        1d5       7%          1

Your spell library contained the following spells:

 Spells                   Type           Power      Damage    Failure   Level
 Poisonous Vapours        Pois/Air       16%        N/A       13%         2
 Ignite Poison            Fire/Tmut/Pois 7%         N/A       28%         3
 Mephitic Cloud           Conj/Pois/Air  6%         N/A       32%         3
 Olgreb's Toxic Radiance  Pois           15%        N/A       36%         4


Dungeon Overview and Level Annotations

Branches:
Dungeon (2/15)

Altars:

Annotations:
D:2 Natasha, Robin


Innate Abilities, Weirdness & Mutations

You regenerate a little health from kills.


Message History

The goblin goes into a battle-frenzy!
The goblin hits you with a +0 dagger.
The goblin no longer looks unusually strong.
As you read the scroll labelled JUSHRU WOTEW, it crumbles to dust.
It is a scroll of identify.
You don't have any unidentified items.
The goblin hits you but does no damage. The goblin closely misses you.
The quokka bites you.
Robin roars a battlecry!
The goblin goes into a battle-frenzy!
Aiming: Sting (safe; 7% risk of failure)
Press: ? - help, Q - select action Shift-Dir - straight line, f - quokka, p - Robin
Aim: a quokka (40% to evade)
You miscast Sting.
You are very lightly contaminated with residual magic.
Nothing appears to happen.
The goblin hits you but does no damage. The goblin barely misses you.
The quokka barely misses you.
Robin roars a battlecry!
The hobgoblin goes into a battle-frenzy!
You don't have enough magic to cast this spell.
Unknown command.
You barely miss the quokka.
The hobgoblin no longer looks unusually strong.
The goblin hits you with a +0 club. The quokka closely misses you.
The goblin barely misses you. The hobgoblin barely misses you.
You barely miss the quokka.
The goblin no longer looks unusually strong.
The quokka bites you. The goblin closely misses you.
The goblin hits you but does no damage. The hobgoblin hits you.
* * * LOW HITPOINT WARNING * * *
The quokka bites you.
* * * LOW HITPOINT WARNING * * *
You hit the quokka.
The quokka is moderately wounded.
The goblin no longer looks unusually strong.
The goblin misses you. The goblin hits you with a +0 dagger.
* * * LOW HITPOINT WARNING * * *
The quokka barely misses you. The hobgoblin hits you.
You die...

#.##.# #.....#
#.##.# ##...##
#.##.# ##.##
#.##.#####.#
##.##.......#
#..########+#
#.## #... #r#
#...g
###@######..g.g
#.gggg..#......
#..gg...'..g..g
##..g.##.#<..gg.
#....###g# ....g
#...)# #.# ....
####...####g#
...
#........g#)# +#
#.###.......#


You could see Robin, a quokka, 2 hobgoblins and 4 goblins.

Vanquished Creatures
  An adder (D:2)
  An ooze (D:1)
  2 dart slugs (D:1)
  2 leopard geckos
  4 bats (D:1)
  A giant cockroach (D:1)
  6 hobgoblins
  5 jackals (D:1)
  5 kobolds
  A frilled lizard (D:1)
  6 goblins
  4 rats (D:1)
38 creatures vanquished.

Vanquished Creatures (others)
  3 plants (D:1)
3 creatures vanquished.

Grand Total: 41 creatures vanquished

Notes
Turn   | Place    | Note
-------+----------+-------------------------------------------
     0 | D:1      | Gaff the Demonspawn Venom Mage began the quest for the Orb.
     0 | D:1      | Reached XP level 1. HP: 13/13 MP: 3/3
   268 | D:1      | Gained mutation: You regenerate a little health from kills.
                  | [demonic ancestry]
   268 | D:1      | Reached XP level 2. HP: 18/19 MP: 1/5
   614 | D:1      | Reached XP level 3. HP: 24/24 MP: 2/6
  1373 | D:2      | Noticed Natasha
  1552 | D:2      | HP: 1/24 [poisoned by an adder]
  1725 | D:2      | Noticed Robin
  1754 | D:2      | Slain by a hobgoblin

Illustrated notes

Levels and vault maps discovered:
D:1:      amcnicky_arrival_underground_garden, layout_loops_ring, serial_forest,
          infiniplex_forest_clump_medium, infiniplex_forest_pool,
          infiniplex_forest_straight_1, infiniplex_forest_clump_large,
          infiniplex_forest_lined_ring, infiniplex_forest_clump_double,
          infiniplex_forest_clump_tiny, infiniplex_forest_straight_4,
          infiniplex_forest_clump_C, infiniplex_forest_clump_small,
          minmay_misc_feat_hallway, hangedman_feature_mirror, fountainhead
D:2:      layout_loops_corners, uniq_natasha, uniq_robin

Skill      XL: |  1  2 |
---------------+-------+-----
Dodging        | 2 |  2.4
Fighting       | |  0.3
Stealth        | |  1.7
Spellcasting   | |  2.6
Transmutations | |  0.9
Poison Magic   | |  3.8

Action                   || total
-------------------------++-------
Melee: Dagger            ||     8
       Short sword       ||     8
 Cast: Sting             ||    53
  Use: Potion            ||     3
       Scroll            ||     1
Armor: Robe              ||    14
Dodge: Dodged            ||    41

Table legend: (Time is in decaauts)
 A = Elapsed time spent in this place.
 B = Non-inter-level travel time spent in this place.
 C = Inter-level travel time spent in this place.
 D = Time resting spent in this place.
 E = Time spent auto-exploring this place.
 F = Levels seen in this place.
 G = Mean time per level.
                   A        B        C        D        E       F      G
               +--------+--------+--------+--------+--------+-----+--------+
         Total |   1754 |   1725 |     29 |    222 |   1087 |   2 |  877.0 |
       Dungeon |   1754 |   1725 |     29 |    222 |   1087 |   2 |  877.0 |
               +--------+--------+--------+--------+--------+-----+--------+

Top non-repeatable levels by time:
     D:1: 1309 daAuts
     D:2: 444 daAuts
